AoeStats
← YXE5

Arabia

510347123Analyzed
3v3 RM · 1d ago on Sep 30, 2026· 58m 33s· 6 players
Game mode
Random Map
Map size
Normal (6 player)
Population
200
Speed
Normal
Resources
Standard
Victory
Conquest
Starting age
Dark Age
Ending age
Imperial Age
RankedLock teamsTeams togetherTeam positionsShared explorationLock speedFull tech treeHidden civsTurbo modeCheats
Victory
Defeat
🇫🇷 Japanese · France
1164
+15
🇬🇧 Maya · United Kingdom
1156
+15
🇫🇷 Georgians · France
1106
+17
🇬🇧 Britons · United Kingdom
1236
-19
🇮🇪 Celts · Ireland
1165
-17
🇬🇧 Persians · United Kingdom
1018
-11
Thee Professor
7:38 Loom
9:55 Feudal Age
20:15 Fletching
21:18 Double-Bit Axe
22:40 Wheelbarrow
25:41 Castle Age
24:20 Padded Archer Armor
24:36 Gold Mining
24:29 Horse Collar
25:44 Crossbowman
26:22 Bodkin Arrow
30:25 Hand Cart
30:46 Bow Saw
35:04 Heavy Plow
39:34 Ballistics
42:28 Imperial Age
43:11 Bracer
42:35 Arbalester
43:46 Leather Archer Armor
45:51 Conscription
47:06 Chemistry
47:12 Gold Shaft Mining
50:33 Warwolf
51:29 Masonry
52:17 Treadmill Crane
53:09 Architecture
52:46 Siege Engineers
53:46 Scale Barding Armor
53:51 Forging
53:11 Elite Skirmisher
53:22 Cavalier
55:19 Chain Barding Armor
54:38 Light Cavalry
56:40 Iron Casting
i aM Dixon x
10:48 Feudal Age
9:19 Loom
12:36 Double-Bit Axe
14:51 Horse Collar
20:55 Castle Age
19:57 Gold Mining
20:48 Wheelbarrow
21:13 Forging
21:09 Scale Barding Armor
21:30 Husbandry
22:39 Bloodlines
32:25 Iron Casting
34:21 Chain Barding Armor
38:44 Hand Cart
44:32 Gold Shaft Mining
49:21 Imperial Age
46:52 Stone Mining
49:09 Masonry
48:53 Fletching
48:59 Town Watch
50:28 Light Cavalry
52:12 Blast Furnace
53:37 Padded Archer Armor
53:42 Bodkin Arrow
56:50 Heavy Camel Rider
YXE5
7:17 Loom
9:59 Feudal Age
10:01 Man-at-Arms
14:27 Horse Collar
16:03 Double-Bit Axe
18:04 Fletching
21:10 Castle Age
20:55 Scale Mail Armor
22:27 Bow Saw
22:42 Chain Mail Armor
22:38 Forging
23:23 Pikeman
27:38 Iron Casting
33:17 Heavy Plow
38:04 Long Swordsman
51:40 Wheelbarrow
Manoow
11:02 Feudal Age
12:30 Loom
15:06 Castle Age
14:52 Forging
19:45 Bloodlines
20:45 Loom
22:50 Scale Barding Armor
28:28 Husbandry
28:49 Double-Bit Axe
30:08 Horse Collar
38:28 Wheelbarrow
37:39 Town Watch
41:48 Fletching
42:46 Fletching
42:57 Padded Archer Armor
49:14 Imperial Age
47:44 Hand Cart
53:15 Cavalier
54:31 Iron Casting
54:17 Chain Barding Armor
56:52 Plate Barding Armor
59:20 Blast Furnace
Novax
6:11 Loom
9:08 Feudal Age
9:18 Man-at-Arms
9:45 Double-Bit Axe
10:42 Town Watch
15:44 Fletching
18:04 Wheelbarrow
21:52 Castle Age
21:36 Padded Archer Armor
22:19 Gold Mining
23:02 Bodkin Arrow
22:36 Crossbowman
28:21 Ballistics
36:41 Guard Tower
39:45 Hand Cart
42:53 Imperial Age
43:44 Bracer
44:44 Leather Archer Armor
44:49 Elite Skirmisher
46:07 Ring Archer Armor
45:51 Bow Saw
46:48 Kataparuto
46:29 Yasama
46:50 Conscription
47:55 Chemistry
51:58 Coinage
53:29 Keep
55:35 Scale Mail Armor
55:45 Forging
55:08 Pikeman
55:48 Squires
56:06 Long Swordsman
56:31 Gambesons
56:34 Arson
57:06 Chain Mail Armor
58:06 Two-Handed Swordsman
alexisoutch
0:26 Loom
9:35 Feudal Age
10:44 Double-Bit Axe
13:47 Fletching
18:30 Padded Archer Armor
23:56 Castle Age
22:23 Horse Collar
22:39 Gold Mining
24:05 Crossbowman
24:44 Bodkin Arrow
26:52 Leather Archer Armor
26:48 Forging
27:25 Ballistics
30:18 Wheelbarrow
30:37 Thumb Ring
31:44 Eagle Warrior
33:02 Iron Casting
32:28 Scale Mail Armor
33:03 Heavy Plow
34:26 Bow Saw
43:28 Imperial Age
43:01 Hand Cart
42:33 Town Watch
43:25 Chain Mail Armor
43:58 Elite Eagle Warrior
44:36 Arbalester
47:48 Chemistry
47:03 Bracer
55:27 Ring Archer Armor
55:57 Blast Furnace
55:28 Plate Mail Armor
56:42 Arson
Connection lost

Rejoining the realm…

Still unreachable

The connection could not be restored.

Session expired

The server has moved on; the page needs a fresh start.